Unix NetHack Version 3.7.0-89 Work-in-progress - last build Sep 24 2023 19:26:52 (48e034876007844a536bf88644040a71d2893410,branch:master). Game began 2023-09-27 10:08:49, ended 2023-09-28 19:34:50. torpedojuice, lawful female human Ranger --------- |.......| |.....@.| ----- |...@...| |[.. |..@@N..| ---- --..--------- |..%&...| .....-- --.%%|.......| ----.---- ......)---..%%|.......| ....@.... ...%.....).....-..._...| ..a.. ...$....---....|.......| ----)---- .......-- --...|.......| --..%%... ---%---- --..--------- -. . .... -------.%.--- |... ......... |...!..%..... ----- -...%.%.. --...%....%... --.......--............. ----%----............. ....)%.).%%.%.......% -------------------- Torpedojuice the Scout St:25 Dx:17 Co:18 In:18 Wi:18 Ch:12 Lawful Astral Plane $:0 HP:195(221) Pw:53(53) AC:-29 Xp:14 T:41634 Satiated Fly Latest messages: You hear a mumbled curse. The fiery blade hits Death. You kill Death! The elf-lady swings her elven broadsword at the high priestess of Mercury. The elf-lady hits the high priestess of Mercury. The elf-lady swings her elven broadsword at the high priestess of Mercury. The elf-lady misses the high priestess of Mercury. What do you want to dip? [a-fik-mqs-vx-zAC-GKLNRV or ?*] What do you want to dip a +2 dwarvish iron helm (being worn) into? [d or ?*] Your dwarvish iron helm glows amber. The elf-lady swings her elven broadsword. The elf-lady misses! The elf-lady swings her elven broadsword. The elf-lady misses! "The great Mercury has sent me to make you pay for your sins!" What do you want to take off? [CDEFG or ?*] Famine moves the fire ant out of the way! The elf-lady swings her elven broadsword at the black naga. The elf-lady hits the black naga. The elf-lady swings her elven broadsword at the black naga. The elf-lady misses the black naga. You hear a mumbled curse. You finish taking off your helm. The elf-lady swings her elven broadsword. The elf-lady just misses! The elf-lady swings her elven broadsword. The elf-lady hits! You hear a mumbled curse. Famine picks up a scroll of teleportation. The elf-lady thrusts her elven spear at it. The elf-lady hits it. The elf-lady thrusts her elven spear at it. The elf-lady hits it. The elf-lady swings her elven broadsword. The elf-lady just misses! The elf-lady swings her elven broadsword. The elf-lady misses! You hear a mumbled curse. There is a high altar to Mercury (lawful) here. What do you want to wear? [cF or ?*] You finish your dressing maneuver. Your mind oscillates briefly. The plumed helmet glows black for a moment. What do you want to sacrifice? [m or ?*] You offer the Amulet of Yendor to Mercury... An invisible choir sings, and you are bathed in radiance... The voice of Mercury booms out: "Mortal, thou hast done well!" "In return for thy service, I grant thee the gift of Immortality!" You ascend to the status of Demigoddess... Do you want your possessions identified? [ynq] (y) Inventory: Amulets R - an uncursed amulet of flying (being worn) Weapons a - the blessed rustproof +6 Fire Brand (weapon in hand) Armor c - a cursed greased rustproof +2 helm of opposite alignment (being worn) B - a blessed greased +4 gray dragon scale mail (being worn) C - a blessed greased fireproof +4 cloak of displacement (being worn) D - an uncursed fireproof +5 pair of speed boots (being worn) E - a blessed greased rustproof +5 pair of gauntlets of power (being worn) F - an uncursed rustproof +2 dwarvish iron helm G - a blessed +4 shield of reflection (being worn) Comestibles L - an uncursed lizard corpse named kebabtallrik Rings w - a blessed ring of free action (on left hand) J - a blessed ring of conflict (on right hand) K - a blessed ring of shock resistance Wands f - an uncursed wand of death (0:5) l - an uncursed wand of teleportation (0:0) q - an uncursed wand of death (1:7) s - an uncursed wand of teleportation (0:4) y - an uncursed wand of teleportation (0:6) z - an uncursed wand of digging (0:4) V - an uncursed wand of wishing (1:2) Tools b - a blessed greased bag of holding containing 102 items (at the ready) e - an uncursed stethoscope i - an uncursed bugle k - an uncursed skeleton key t - an uncursed towel u - a blessed +0 unicorn horn named Lh v - a blessed magic lamp A - the uncursed Bell of Opening (0:1) N - the uncursed Candelabrum of Invocation (7 of 7 candles attached) Gems/Stones x - a blessed luckstone Contents of the bag of holding: an uncursed amulet of life saving an uncursed amulet of life saving 10 uncursed +4 daggers the blessed rustproof +6 Stormbringer an uncursed +0 mummy wrapping 8 uncursed food rations an uncursed lizard corpse named KFC a cursed scroll of light 13 blessed scrolls of blank paper 4 uncursed scrolls of blank paper 4 cursed scrolls of blank paper an uncursed scroll of confuse monster an uncursed scroll of create monster an uncursed scroll of destroy armor 4 uncursed scrolls of earth 7 blessed scrolls of enchant armor 2 uncursed scrolls of enchant armor 2 uncursed scrolls of fire 2 blessed scrolls of identify 3 uncursed scrolls of identify 2 blessed scrolls of remove curse 3 uncursed scrolls of remove curse a blessed scroll of scare monster an uncursed scroll of scare monster an uncursed scroll of scare monster 2 uncursed scrolls of taming a cursed scroll of teleportation 2 uncursed potions of gain energy 13 potions of holy water 15 uncursed potions of water 2 potions of unholy water a potion of unholy water 2 uncursed diluted potions of extra healing 4 blessed diluted potions of full healing 2 uncursed potions of paralysis 2 blessed potions of restore ability an uncursed potion of restore ability 2 uncursed potions of speed an uncursed ring of conflict an uncursed ring of conflict an uncursed ring of conflict an uncursed ring of free action an uncursed ring of free action an uncursed ring of levitation an uncursed ring of levitation an uncursed ring of poison resistance an uncursed ring of regeneration an uncursed ring of regeneration an uncursed ring of searching an uncursed ring of shock resistance an uncursed ring of slow digestion a blessed ring of teleport control an uncursed ring of teleport control an uncursed ring of teleport control an uncursed ring of warning an uncursed ring of warning an uncursed wand of secret door detection (0:13) an uncursed wand of slow monster (0:3) an uncursed wand of slow monster (0:5) an uncursed wand of cold (0:7) an uncursed wand of cold (0:5) an uncursed wand of cold (0:6) an uncursed wand of death (0:0) an uncursed wand of death (0:0) an uncursed wand of digging (0:6) an uncursed wand of digging (0:6) an uncursed wand of digging (0:4) an uncursed wand of digging (0:7) an uncursed wand of digging (0:8) an uncursed wand of digging (0:0) an uncursed wand of digging (0:7) an uncursed wand of digging (0:7) an uncursed wand of digging (0:8) an uncursed wand of digging (0:3) an uncursed wand of digging (0:6) an uncursed wand of digging (0:6) an uncursed wand of digging (0:2) an uncursed wand of digging (0:4) an uncursed wand of digging (0:3) an uncursed wand of fire (0:6) a cursed wand of fire (0:3) an uncursed wand of lightning (0:4) an uncursed wand of lightning (0:5) an uncursed wand of magic missile (0:5) an uncursed wand of magic missile (0:6) an uncursed wand of magic missile (0:5) an uncursed wand of magic missile (0:1) a blessed wand of sleep (0:5) an uncursed wand of sleep (0:7) an uncursed wand of sleep (0:4) an uncursed wand of sleep (0:3) an uncursed wand of sleep (0:4) an uncursed wand of striking (0:0) an uncursed wand of striking (0:1) an uncursed wand of striking (0:0) an empty uncursed oilskin sack named cancellation an uncursed magic whistle an uncursed can of grease (0:21) an uncursed magic lamp an uncursed magic lamp an uncursed +0 pick-axe an uncursed amethyst stone Torpedojuice the Ranger's attributes: Background: You were a Scout, a level 14 female human Ranger. You were lawful, temporarily on a mission for Mercury who was opposed by Venus (neutral) and Mars (chaotic). You were actually chaotic. You were in the endgame, on the Astral Plane. You entered the dungeon 41634 turns ago. You had 127916 experience points, 32084 more were needed to attain level 15. Basics: You had 195 out of 221 hit points. You had all 53 energy points (spell power). Your armor class was -29. Your wallet was empty. Autopickup was off. Final Characteristics: Your strength was 25 (base:18/45, innate limit:18/100). Your dexterity was 17 (peak:18, limit:18). Your constitution was 18 (limit:18). Your intelligence was 18 (limit:18). Your wisdom was 18 (limit:18). Your charisma was 12 (limit:18). Final Status: You were flying. You were satiated. You were unencumbered. You were wielding a long sword. You had basic skill with long sword. Final Attributes: You were the Glory of Arioch. You were fervently aligned. You were magic-protected. You were fire resistant. Your items were protected from fire. You were cold resistant. You were sleep resistant. You were disintegration resistant. You were shock resistant. You were poison resistant. You saw invisible. You were telepathic. You had automatic searching. You were invisible to others. You were displaced. You were stealthy. You caused conflict. You were warded. You were very fast. You had reflection. You had free action. You were extremely lucky. You had extra luck. Good luck did not time out for you. You survived. Miscellaneous: You encountered 2 bones levels. Total elapsed playing time was 5 hours, 44 minutes and 49 seconds. Major events: Turn 1: torpedojuice the chaotic female human Ranger entered the dungeon 1680: entered the Gnomish Mines 1704: attained the rank of Lookout (level 3) 2500: attained the rank of Trailblazer (level 6) 4009: reached Mine Town 6647: made her first wish - "blessed greased fixed +2 gray dragon scale mail", got "a greased gray dragon scale mail" 7335: destroyed nabru's ghost, the former Thaumaturge 8355: entered Sokoban 8694: completed 1st Sokoban level 9279: completed 2nd Sokoban level 9815: completed 3rd Sokoban level 11233: completed 4th Sokoban level 11269: attained the rank of Reconnoiteress (level 10) 11817: wished for "blessed greased +2 shield of reflection", got "a greased polished silver shield" 16519: acquired the Mines' End luckstone 19063: was bestowed with Orcrist by Mars 19976: was bestowed with Ogresmasher by Mars 21279: was bestowed with Fire Brand by Mars 22502: was chosen to steal souls for the Glory of Mars 22502: was bestowed with Stormbringer 23579: entered the Bigroom 25625: destroyed samiam's ghost, the former Embalmer 25627: found Cleaver on the floor 31991: killed Medusa 33385: entered Gehennom 33805: attained the rank of Scout (level 14) 34468: wished for "blessed greased fixed +2 gauntlets of power", got "a greased pair of padded gloves" 34697: performed her first genocide (class h) 35326: found the Longbow of Diana on the floor 35333: killed Scorpius 35336: acquired the Bell of Opening 36983: killed Juiblex 37552: killed Asmodeus 37836: bribed Baalzebub with 20 zorkmids for safe passage 38326: killed Orcus 38809: destroyed Vlad the Impaler 38810: acquired the Candelabrum of Invocation 39160: wished for "blessed magic marker", got "a magic marker" 39165: genocided class L 39964: killed the Wizard of Yendor 39976: acquired the Book of the Dead 40067: performed the invocation 40254: killed the high priestess of Moloch 40273: acquired The Amulet of Yendor 40872: killed the Wizard of Yendor (2nd time) 41187: entered the Elemental Planes 41187: entered Plane of Earth 41188: killed the Wizard of Yendor (3rd time) 41241: entered Plane of Air 41340: entered Plane of Fire 41393: entered Plane of Water 41523: entered the Astral Plane 41532: found Mjollnir carried by a monster 41541: killed Famine 41562: found Vorpal Blade carried by a monster 41588: killed Famine (2nd time) 41597: killed Death 41607: killed Famine (3rd time) 41608: killed Death (2nd time) 41626: wished for "blessed greased fixed +2 helm of opposite alignment", got "a greased plumed helmet" 41629: killed Death (3rd time) 41634: ascended Vanquished creatures: Asmodeus Orcus Juiblex the Wizard of Yendor (4 times) Death (thrice) Famine (thrice) Vlad the Impaler a high cleric a mastodon Medusa 9 krakens a master lich a ki-rin a storm giant 2 glass golems a balrog 4 purple worms 2 gray dragons 3 gold dragons a silver dragon a red dragon 4 black dragons a blue dragon 2 green dragons a yellow dragon 25 minotaurs Scorpius 4 baluchitheria 2 Angels 3 demiliches a stone golem a Nazgul 3 pit fiends a sandestin 3 hell hounds a displacer beast 2 titanotheres 3 trappers a baby gray dragon a baby blue dragon 3 guardian nagas 2 disenchanters 22 vampire leaders 3 skeletons 10 aligned clerics a captain 6 shades 7 liches 2 clay golems 5 nurses an ice devil 4 nalfeshnees a lurker above a frost giant 3 ettins 2 golden nagas 2 black puddings 19 vampires 5 lieutenants 36 ghosts 2 queen bees 2 winged gargoyles 3 mind flayers 5 giant mimics 5 long worms 6 zruties 2 fire giants 2 ogre tyrants 3 ice trolls 4 rock trolls 6 umber hulks 3 flesh golems 2 elven monarchs 2 doppelgangers 5 hezrous a bone devil 3 large mimics 3 wumpuses 6 fire vortices a couatl 12 stalkers 8 air elementals 5 fire elementals 6 earth elementals 8 water elementals 4 hill giants 3 giant mummies 3 xorns 9 giant zombies 5 elf-nobles 7 sergeants 7 barbed devils 2 vrocks a salamander 8 wargs 2 winter wolves 4 hell hound pups 9 small mimics a glass piercer 2 warhorses 6 steam vortices 6 xans 3 ettin mummies 2 ogre leaders 11 quantum mechanics 13 trolls a sasquatch 3 wood golems 2 erinyes 5 mariliths 2 djinn 5 sharks 2 electric eels 8 gelatinous cubes 5 large dogs 2 freezing spheres 6 flaming spheres 6 shocking spheres 8 large cats 2 tigers 5 gargoyles 6 tengu 5 ochre jellies 3 leocrottas 7 energy vortices 19 mountain centaurs 4 stone giants 2 elf mummies a human mummy a green slime 2 pythons 5 pit vipers a cobra 33 wraiths 2 carnivorous apes 15 ettin zombies 2 Grey-elves 45 soldiers 8 amorous demons 3 horned devils 2 chameleons 2 crocodiles 26 giant beetles a quivering blob 11 cockatrices 12 wolves 8 winter wolf cubs 4 lynxes 4 panthers 3 gremlins 26 leprechauns 3 orc-captains 6 iron piercers 3 mumakil 18 giant spiders 22 scorpions 5 horses 6 black lights 6 vampire bats 44 forest centaurs a gnome ruler 6 orc mummies 7 dwarf mummies 3 ogres 7 brown puddings 8 rust monsters 5 owlbears 5 yetis a gold golem 2 werewolves a Green-elf 5 piranha 14 giant eels 10 lizards 10 chickatrices 5 dingoes 5 dogs 3 housecats 2 jaguars 9 dwarf leaders 2 blue jellies 6 white unicorns a gray unicorn 8 dust vortices 32 ravens 11 plains centaurs 4 gnome mummies 3 snakes 11 apes 18 human zombies 4 rope golems 2 Woodland-elves 21 soldier ants 11 fire ants 5 bugbears 2 lemures 2 quasits 9 wood nymphs 8 water nymphs 3 mountain nymphs 6 Mordor orcs 15 Uruk-hai 2 orc shamans 6 rock piercers 5 rock moles 6 ponies 2 fog clouds 6 yellow lights a shrieker 3 violet fungi 22 gnome leaders 8 gnomish wizards 7 kobold mummies 3 gray oozes a barrow wight 20 elf zombies 7 ghouls 2 paper golems 4 jellyfish 31 giant ants 2 little dogs 11 floating eyes 2 kittens 27 dwarves 2 homunculi 2 kobold leaders 3 kobold shamans 22 hill orcs 23 rothes 2 rabid rats 4 centipedes 5 giant bats 4 monkeys 13 orc zombies 13 dwarf zombies 3 wererats 3 werejackals 17 iguanas 80 killer bees 9 acid blobs 4 coyotes 4 gas spores 3 hobbits 10 manes 2 large kobolds 3 hobgoblins 7 giant rats 7 cave spiders 4 brown molds 2 yellow molds 74 gnomes 3 garter snakes 13 gnome zombies 13 geckos 14 jackals 5 foxes 4 kobolds 7 goblins 3 sewer rats 14 grid bugs 4 bats 10 lichens 8 kobold zombies 15 newts 1798 creatures vanquished. Genocided or extinct species: arch-liches master liches demiliches master mind flayers liches mind flayers erinyes (extinct) dwarf rulers dwarf leaders bugbears dwarves hobbits 11 species genocided. 1 species extinct. Voluntary challenges: You read items or engraved 112 times. You engraved Elbereth 3 times. You genocided 11 types of monsters. You never changed form. You used 5 wishes. You did not wish for any artifacts. You did not violate any of the special Sokoban rules. Achievements: You entered a shop. You entered the Gnomish Mines. You attained the rank of Lookout. You attained the rank of Trailblazer. You entered Minetown. You entered a temple. You entered Sokoban. You attained the rank of Reconnoiteress. You completed the Gnomish Mines. You entered the Big Room. You defeated Medusa. You entered Gehennom. You attained the rank of Scout. You had the Bell of Opening. You had the Candelabrum of Invocation. You handled the Book of the Dead. You gained access to Moloch's Sanctum. You reached the Elemental Planes. You reached the Astral Plane. You delivered the Amulet of Yendor. You ascended! The Elemental Planes: Astral Plane: <- You are here. Some temples. Plane of Water: Plane of Fire: Plane of Air: Plane of Earth: The Dungeons of Doom: levels 1 to 27 Level 1: "vault, ogresmasher chest" An altar. One way stairs up to The Elemental Planes. Level 2: "vault" A fountain. Level 3: A fountain, a grave. Level 4: "sell stash >" A potion shop. Stairs down to The Gnomish Mines. Level 5: Level 6: "vault" Many fountains, a grave. Oracle of Delphi. Final resting place for nabru-Wiz-Elf-Fem-Cha, killed by a soldier ant. Level 7: Stairs up to Sokoban, level 6. Level 8: A delicatessen, a fountain. Level 9: Level 10: A very big room. Level 11: A temple to Mercury, a grave. Level 12: "backup BoH (%,$) _" A temple. Final resting place for samiam-Hea-Hum-Mal-Neu, killed by a soldier ant. Level 13: A grave. Portal to The Quest. Level 14: A grave. Level 15: A primitive area. Level 16: Level 17: Level 18: A fountain. Level 19: "vault" A fountain. Level 20: "wand stash _" A temple to Mercury. Level 21: Level 22: A fountain. Level 23: Level 24: "polytrap 0" An altar, a grave. Level 25: "backup sack Perseus, food stash >" Many trees. Level 26: Level 27: A throne, a fountain. The castle. Gehennom: levels 28 to 50 Level 28: A temple, many graves. Valley of the Dead. Level 29: Level 30: Level 31: Level 32: Level 33: Level 34: A fountain. Level 35: Level 36: Stairs up to Vlad's Tower, level 35. Level 37: Some shops, an altar, many graves. Level 38: Level 39: Level 40: Level 41: Level 42: Level 43: Level 44: Level 45: "wiztower" Level 46: Level 47: Level 48: Level 49: Level 50: A temple, many graves. Moloch's Sanctum. The Gnomish Mines: levels 5 to 13 Level 5: Level 6: "sell stash >" Level 7: Level 8: "both { trickle, shk $106" Many shops, a temple to Mercury, some fountains. Level 9: Level 10: Level 11: "tinning kit 0, poly trap" Level 12: Level 13: "polytrap under icebox" The Quest: levels 1 to 6 Level 1: "backup oilskin, ! >" Many trees. Completed quest for Orion. Level 2: Many trees. Level 3: "! >" Level 4: Level 5: Level 6: A throne. Sokoban: levels 6 up to 3 Level 3: Solved. Level 4: Solved. Level 5: Solved. Level 6: Solved. Vlad's Tower: levels 35 up to 33 Level 33: Level 34: Level 35: Goodbye torpedojuice the Demigoddess... You went to your reward with 1005942 points, Fire Brand (worth 3000 zorkmids and 7500 points) Stormbringer (worth 8000 zorkmids and 20000 points) The Bell of Opening (worth 5000 zorkmids and 12500 points) The Candelabrum of Invocation (worth 5000 zorkmids and 12500 points) and 0 pieces of gold, after 41634 moves. You were level 14 with a maximum of 221 hit points when you ascended.